 Dungeon Crawl Stone Soup version 0.21.1-1-g345015f (webtiles) character file.

70 Fang the Skirmisher (level 4, 0/43 HPs)
             Began as a Gargoyle Berserker on June 15, 2018.
             Was a Believer of Trog.
             Slain by a phantom (8 damage)
             ... on level 2 of the Dungeon.
             The game lasted 00:02:30 (1607 turns).

Fang the Skirmisher (Gargoyle Berserker)            Turns: 1607, Time: 00:02:31

Health: 0/43       AC:  5    Str: 27    XL:     4   Next: 21%
Magic:  4/4        EV: 12    Int:  7    God:    Trog [**....]
Gold:   84         SH:  0    Dex:  9    Spells: 3/3 levels left

rFire    . . .     SeeInvis .   a - +0 hand axe
rCold    . . .     Gourm    .   (no shield)
rNeg     + . .     Faith    .   b - +0 animal skin
rPois    ∞         Spirit   .   (no helmet)
rElec    +         Reflect  .   (no cloak)
rCorr    .         Harm     .   (no gloves)
MR       .....                  (no boots)
Stlth    ..........             (no amulet)
HPRegen  0.14/turn              (no ring)
MPRegen  0.09/turn              (no ring)

@: berserking, very quick
A: negative energy resistance 1, electricity resistance, unbreathing,
petrification resistance, rot immunity, AC +3
a: Berserk, Trog's Hand, Burn Spellbooks, Renounce Religion


You were on level 2 of the Dungeon.
You worshipped Trog.
Trog was pleased with you.
You were not hungry.

You visited 1 branch of the dungeon, and saw 2 of its levels.

You collected 84 gold pieces.

Inventory:

Hand Weapons
 a - a +0 hand axe (weapon)
Missiles
 d - 4 javelins (quivered)
Armour
 b - a +0 animal skin (worn)
Scrolls
 e - a scroll of enchant armour {unknown}
 g - a scroll of immolation {unknown}
 k - a scroll of enchant weapon {unknown}
 l - a scroll of fear {unknown}
Potions
 f - a potion of heal wounds {unknown}
 h - a potion of magic {unknown}
 i - a potion of mutation {unknown}
 j - 2 potions of ambrosia {unknown}
Comestibles
 c - 2 rations


   Skills:
 + Level 3.9 Fighting
 + Level 3.8 Axes
 + Level 2.3 Armour
 + Level 2.0 Dodging


You had 3 spell levels left.
You didn't know any spells.

Dungeon Overview and Level Annotations

Branches:
Dungeon (2/15)

Altars:
Uskayaw


Innate Abilities, Weirdness & Mutations

You are resistant to torment.
Your stone body is resilient. (AC +3)
You are immune to poison.
You resist negative energy. (rN+)
You are resistant to electric shocks. (rElec)
You can survive without breathing.
You are immune to petrification.
You are immune to rotting.


Message History

You have reached level 4!
You feel stronger. Robin throws the goblin at you!
You slash Robin!
You kill Robin!
Trog accepts your kill.
Your Dodging skill increases to level 2!
You barely miss the goblin. The goblin barely misses you.
Unknown command.
Items here: )) ? [[ a mace; an animal skin; a helmet; a scroll labeled JUFERO CEKETOL; a club You feel a strong urge to attack something.
The goblin hits you but does no damage.
Items here: )) ? [[ a mace; an animal skin; a helmet; a scroll labeled JUFERO CEKETOL; a club You slash the goblin!
You kill the goblin!
Trog accepts your kill. The phantom hits you!
You die...

#........# #≈≈≈≈
#####.. ######...#
##≈≈≈≈≈≈≈≈≈≈≈ ###
#...###≈≈≈≈≈≈≈≈≈≈≈≈
#>..##≈≈≈≈≈≈≈≈≈≈≈≈≈
#...#≈≈≈≈≈≈≈≈≈≈≈≈≈≈
#...#≈≈≈≈≈≈≈≈≈≈≈≈≈
#...#≈≈≈≈≈≈≈♣..♣
###.'.(.W....#
#.'....@)..#
###≈≈≈≈≈≈≈♣..♣
#≈≈≈≈≈≈≈≈≈≈≈≈≈
#≈≈≈≈≈≈≈≈≈≈≈≈≈≈
##≈≈≈≈≈≈≈≈≈≈≈≈≈
##≈≈≈≈≈≈≈≈≈≈≈≈
##≈≈≈≈≈≈≈≈≈≈≈
##≈≈≈≈≈≈≈≈≈


You could see a phantom.

Vanquished Creatures
  Robin (D:2)
  An adder (D:2)
  An ooze (D:1)
  A worm (D:2)
  2 dart slugs (D:1)
  2 leopard geckos (D:1)
  A ball python (D:1)
  A bat (D:1)
  4 giant cockroaches
  5 goblins
  3 hobgoblins
  A quokka (D:2)
  5 frilled lizards
  4 kobolds
  6 rats
38 creatures vanquished.

Notes
Turn   | Place    | Note
-------+----------+-------------------------------------------
     0 | D:1      | Fang the Gargoyle Berserker began the quest for the Orb.
     0 | D:1      | Reached XP level 1. HP: 14/14 MP: 1/1
   307 | D:1      | Reached XP level 2. HP: 10/19 MP: 2/2
   843 | D:1      | Reached XP level 3. HP: 24/24 MP: 3/3
  1419 | D:2      | Noticed a hand axe
  1419 | D:2      | Found a hide-covered altar of Uskayaw.
  1419 | D:2      | Noticed a dagger
  1505 | D:2      | Reached ** piety under Trog
  1534 | D:2      | Noticed a phantom
  1596 | D:2      | Noticed Robin
  1601 | D:2      | Reached XP level 4. HP: 7/29 MP: 4/4
  1602 | D:2      | Killed Robin
  1607 | D:2      | Slain by a phantom

Skill      XL: |  1  2  3  4 |
---------------+-------------+-----
Axes           | 3 |  3.8
Dodging        | 2 |  2.0
Fighting       | |  3.9
Armour         | |  2.3

Action                   |  1- 3 |  4- 6 || total
-------------------------+-------+-------++-------
Melee: Hand axe          |   128 |     2 ||   130
Invok: Berserk           |     4 |       ||     4
  Eat: Chunk             |     3 |       ||     3
       Ration            |     1 |       ||     1
Armor: Animal skin       |    40 |     2 ||    42
Dodge: Dodged            |    91 |     1 ||    92
